 Dungeon Crawl Stone Soup version 0.25.0-9-g26727b657a (webtiles) character file.

Game seed: 11055356007893389437

8528 Esekla the Carver (level 11, -3/70 HPs)
             Began as an Octopode Skald on June 20, 2020.
             Was a High Priest of Lugonu.
             Slain by an orc warrior (16 damage)
             ... in a bailey.
             The game lasted 01:27:05 (8809 turns).

Esekla the Carver (Octopode Skald)                  Turns: 8809, Time: 01:27:06

Health: -3/70      AC: 13    Str: 11    XL:     11   Next: 32%
Magic:  9/17       EV: 16    Int: 18    God:    Lugonu [*****.]
Gold:   544        SH:  5    Dex: 14    Spells: 7/18 levels left

rFire    . . .     SeeInvis .   a - +4 long sword
rCold    . . .     Gourm    .   o - +1 buckler
rNeg     . . .     Faith    .   m - +2 hat
rPois    .         Spirit   .   e - amulet of regeneration
rElec    .         Reflect  .   (no ring)
rCorr    .         Harm     .   (no ring)
MR       .....                  (no ring)
Stlth    +++.......             (no ring)
HPRegen  0.61/turn              (no ring)
MPRegen  0.15/turn              (no ring)
                                (no ring)
                                (no ring)

@: mighty, icy armour, singing, hasted, very quick
A: almost no armour, stealthy swim, amphibious, 8 rings, constrict 8, icy blue
scales 1, slimy green scales 1, camouflage 1, agile 1, gelatinous body 1, no
potion heal 1
a: Depart the Abyss, Bend Space, Banish, Corrupt, Enter the Abyss, Renounce
Religion


You were in a bailey.
You worshipped Lugonu.
Lugonu was extremely pleased with you.
You were hungry.

You visited 2 branches of the dungeon, and saw 11 of its levels.
You also visited: Bailey.

You collected 544 gold pieces.

Inventory:

Hand Weapons
 a - a +4 long sword (weapon)
 n - a +0 dagger of venom
 s - a +4 rapier
 v - a +1 halberd of venom
 z - a +3 scimitar
Missiles
 f - 7 boomerangs
 l - 23 poisoned darts (quivered)
Armour
 m - a +2 hat (worn)
 o - a +1 buckler (worn)
Jewellery
 e - an amulet of regeneration (around mantle)
Wands
 b - a wand of iceblast (18)
 g - a wand of acid (7)
 x - a wand of polymorph (31)
Scrolls
 h - 5 scrolls of remove curse
 r - a scroll of enchant armour
 t - 2 scrolls of enchant weapon
 u - a scroll of blinking
 y - a scroll of amnesia
 C - a scroll of magic mapping {unknown}
Potions
 p - 3 potions of brilliance
 q - a potion of mutation
 w - 4 potions of lignification
 A - a potion of ambrosia {unknown}
 D - a potion of magic {unknown}
 E - a potion of flight {unknown}
 F - 2 potions of stabbing
Comestibles
 c - 21 rations


   Skills:
 + Level 4.6 Fighting
 + Level 1.2(7.0) Short Blades
 * Level 10.8 Long Blades
 * Level 6.5 Dodging
 + Level 3.7 Stealth
 * Level 2.0 Shields
 + Level 4.2 Spellcasting
 + Level 3.9 Charms
 * Level 3.7 Summonings
 + Level 3.3 Translocations
 * Level 5.2 Ice Magic
 * Level 3.7 Air Magic
 + Level 3.8 Invocations
 + Level 0.3 Evocations


You had 7 spell levels left.
You knew the following spells:

 Your Spells              Type           Power        Failure   Level  Hunger
a - Ozocubu's Armour      Chrm/Ice       ###.....     9%          3    ###....
g - Shroud of Golubria    Chrm/Tloc      ###...       6%          2    ##.....
l - Summon Lightning Spi  Summ/Air       ###.....     36%         4    ####...
s - Song of Slaying       Chrm           ###.....     5%          2    ##.....

Your spell library contained the following spells:

 Spells                   Type           Power        Failure   Level  Hunger
 Infusion                 Chrm           ###.         3%          1    None
 Summon Small Mammal      Summ           ###.         4%          1    None
 Call Imp                 Summ           ###.....     6%          2    ##.....
 Call Canine Familiar     Summ           ###.....     12%         3    ###....
 Spectral Weapon          Hex/Chrm       ##......     24%         3    ###....
 Summon Guardian Golem    Hex/Summ       ##......     26%         3    ###....
 Summon Ice Beast         Ice/Summ       ###.....     28%         4    ####...


Dungeon Overview and Level Annotations

Branches:
Dungeon (10/15)            Temple (1/1) D:5            Lair (0/6) D:10
    Orc (0/2) D:10         Bailey (1/1)

Altars:
Ashenzari
Cheibriados
Dithmenos
Fedhas
Gozag
Hepliaklqana
Kikubaaqudgha
Nemelex Xobeh
Okawaru
Qazlal
Sif Muna
Trog
Uskayaw
Vehumet
Wu Jian
Xom
Yredelemnul
Zin
The Shining One
Lugonu


Innate Abilities, Weirdness & Mutations

You cannot wear most types of armour.
You are very stealthy in the water. (Stealth+)
You are amphibious.
You can wear up to eight rings at the same time.
You can use your tentacles to constrict eight enemies at once.
Your skin changes colour to match your surroundings (Stealth+).
Your rubbery body absorbs attacks. (AC +1, EV +1)
You are partially covered in icy blue scales. (AC +2)
You are partially covered in slimy green scales. (AC +2)
You are agile. (Dex +2)
Potions are less effective at restoring your health.


Message History

You constrict the orc warrior, but do no damage.
The orc warrior misses you. The orc warrior hits you!
* * * LOW HITPOINT WARNING * * *
You slash the orc knight!
You kill the orc knight!
Lugonu accepts your kill.
Your Shields skill increases to level 2!
You constrict the orc warrior. The orc warrior barely misses you.
You riposte.
You closely miss the orc warrior. Your grab misses the orc warrior.
Your squeeze misses the orc warrior. You barely miss the orc warrior.
You squeeze the orc warrior.
The orc warrior is severely wounded.
You constrict the orc warrior, but do no damage.
The orc warrior closely misses you.
You slash the orc warrior! You grab the orc warrior.
The orc warrior is heavily wounded.
You constrict the orc warrior.
You constrict the orc warrior, but do no damage.
You block the orc warrior's attack. The orc warrior hits you!
You die...

###
#########∩#########
##.....##(∩(##.....##
#..≈≈≈..#)((#..≈≈≈..#
#.≈≈o≈(.(..)..≈≈o≈≈.#
+.≈.@)≈.......≈o∩o≈.+
#.≈≈o≈≈.......≈≈o≈≈.#
#..≈≈≈..#...#..≈≈≈..#
##.....##...##.....##
#########∩#########
###


You could see 2 orc warriors.

Vanquished Creatures
  A two-headed ogre (D:10)
  An unseen horror (D:10)
  2 orc knights (Bailey)
  A centaur zombie (D:10)
  Maggie (D:7)
  A troll (D:10)
  2 hippogriffs (D:7)
  4 hogs (D:7)
  A human (D:7)
  A water moccasin (D:9)
  A nameless horror (D:10)
  A hornet zombie (D:6)
  2 ice beasts
  8 orc warriors
  2 sky beasts
  2 black bears
  2 ogres
  A phantom (D:7)
  3 centaurs
  A big kobold (D:10)
  6 bullfrogs
  A wyvern zombie (D:10)
  3 scorpions
  6 wights
  8 howler monkeys
  4 crimson imps
  A quasit (D:10)
  4 jellies
  5 orc priests
  4 hounds
  2 bullfrog skeletons (D:5)
  11 orc wizards
  An iron imp (D:6)
  An iguana (D:9)
  Terence (D:2)
  5 worker ants
  A killer bee zombie (D:6)
  A worker ant zombie (D:5)
  6 gnolls
  A howler monkey skeleton (D:8)
  14 adders
  3 shadow imps
  3 oozes
  An adder zombie (D:5)
  4 dart slugs
  8 leopard geckos
  51 orcs
  2 ball pythons
  5 giant cockroaches
  7 goblins
  4 hobgoblins
  17 jackals
  3 quokkas
  A ball python skeleton (D:4)
  10 bats
  9 frilled lizards
  4 goblin skeletons (D:6)
  3 hobgoblin zombies (D:6)
  12 kobolds
  3 kobold zombies (D:6)
  An orc skeleton (D:6)
  2 orc zombies (D:6)
  3 quokka skeletons
  A quokka zombie (D:5)
  7 rats
288 creatures vanquished.

Vanquished Creatures (others)
  A scorpion (D:5)
  A jackal (D:5)
  A quokka (D:5)
3 creatures vanquished.

Grand Total: 291 creatures vanquished

Notes
Turn   | Place    | Note
-------+----------+-------------------------------------------
     0 | D:1      | Esekla the Octopode Skald began the quest for the Orb.
     0 | D:1      | Reached XP level 1. HP: 14/14 MP: 3/3
   128 | D:1      | Reached XP level 2. HP: 17/19 MP: 5/5
   133 | D:1      | Learned a level 2 spell: Shroud of Golubria
   136 | D:1      | Learned a level 2 spell: Song of Slaying
   385 | D:1      | Reached XP level 3. HP: 24/24 MP: 3/6
  1151 | D:2      | Reached skill level 1 in Stealth
  1152 | D:2      | Reached skill level 3 in Long Blades
  1152 | D:2      | Reached XP level 4. HP: 29/29 MP: 2/7
  1243 | D:2      | Noticed Terence
  1298 | D:2      | Killed Terence
  1477 | D:3      | Reached skill level 1 in Translocations
  1522 | D:3      | Found an ancient bone altar of Kikubaaqudgha.
  1537 | D:3      | Found a hide-covered altar of Uskayaw.
  1540 | D:3      | Noticed a +0 hand axe
  1541 | D:3      | Noticed a +0 dagger
  1573 | D:3      | Reached XP level 5. HP: 34/34 MP: 5/8
  1772 | D:3      | Found a faded altar of an unknown god.
  2157 | D:4      | Found a shimmering blue altar of Sif Muna.
  2249 | D:4      | Found a snail-covered altar of Cheibriados.
  2265 | D:4      | Learned a level 3 spell: Ozocubu's Armour
  2397 | D:4      | Reached skill level 4 in Long Blades
  2397 | D:4      | Reached XP level 6. HP: 41/41 MP: 9/9
  2935 | D:5      | Entered Level 5 of the Dungeon
  2995 | D:5      | Found a staircase to the Ecumenical Temple.
  3007 | Temple   | Entered the Ecumenical Temple
  3042 | Temple   | Became a worshipper of Lugonu the Unformed
  3042 | Temple   | Reached * piety under Lugonu
  3074 | D:5      | Reached skill level 1 in Ice Magic
  3151 | D:5      | Reached skill level 1 in Invocations
  3201 | D:5      | Reached XP level 7. HP: 45/45 MP: 8/11
  3960 | D:5      | Reached skill level 5 in Long Blades
  3973 | D:5      | Reached ** piety under Lugonu
  4011 | D:5      | Found a bloodstained altar of Trog.
  4179 | D:5      | Found a shimmering altar of Xom.
  4233 | D:5      | Found a shattered altar of Ashenzari.
  4233 | D:5      | Found a shadowy altar of Dithmenos.
  4234 | D:5      | Found a glowing silver altar of Zin.
  4604 | D:6      | Reached skill level 6 in Long Blades
  4604 | D:6      | Reached XP level 8. HP: 19/51 MP: 12/12
  4828 | D:6      | Reached skill level 7 in Long Blades
  5038 | D:6      | Found a glowing golden altar of the Shining One.
  5053 | D:6      | Reached *** piety under Lugonu
  5110 | D:6      | Reached XP level 9. HP: 57/57 MP: 8/13
  5376 | D:7      | Reached skill level 8 in Long Blades
  5376 | D:7      | Reached skill level 5 in Dodging
  5522 | D:7      | Found a blossoming altar of Fedhas.
  5615 | D:6      | Learned a level 4 spell: Summon Lightning Spire
  5681 | D:7      | Noticed Maggie
  5703 | D:7      | Killed Maggie
  5804 | D:7      | Gained mutation: Potions are less effective at restoring
                  | your health. [potion of mutation]
  5804 | D:7      | Gained mutation: You are partially covered in icy blue
                  | scales. (AC +2) [potion of mutation]
  5804 | D:7      | Gained mutation: You are agile. (Dex +2) [potion of
                  | mutation]
  5804 | D:7      | Gained mutation: You are partially covered in slimy green
                  | scales. (AC +2) [potion of mutation]
  5815 | D:7      | Reached skill level 1 in Summonings
  5815 | D:7      | Reached skill level 1 in Air Magic
  5822 | D:7      | Reached skill level 9 in Long Blades
  5886 | D:7      | Reached XP level 10. HP: 54/63 MP: 11/15
  6036 | D:7      | Reached **** piety under Lugonu
  6182 | D:7      | Found an ornate altar of the Wu Jian Council.
  6893 | D:8      | Reached skill level 1 in Short Blades
  6907 | D:8      | Found a shadowy altar of Dithmenos.
  7208 | D:9      | Reached skill level 10 in Long Blades
  7630 | D:9      | Noticed an ice dragon
  7872 | D:9      | Found an opulent altar of Gozag.
  7950 | D:10     | Entered Level 10 of the Dungeon
  8106 | D:10     | Found a staircase to the Orcish Mines.
  8151 | D:10     | Killed an unseen horror
  8151 | D:10     | Reached ***** piety under Lugonu
  8172 | D:10     | Reached skill level 1 in Shields
  8172 | D:10     | Reached skill level 5 in Ice Magic
  8172 | D:10     | Reached XP level 11. HP: 61/70 MP: 14/17
  8271 | D:10     | Found a staircase to the Lair.
  8333 | D:10     | Noticed a two-headed ogre
  8361 | D:10     | Killed a two-headed ogre
  8557 | D:10     | Found a flagged portal.
  8566 | Bailey   | Entered a bailey
  8566 | Bailey   | Noticed an orc knight
  8566 | Bailey   | Noticed an orc knight
  8566 | Bailey   | Noticed an orc knight
  8566 | Bailey   | Noticed an orc knight
  8573 | Bailey   | Noticed an orc knight
  8593 | Bailey   | Killed an orc knight
  8804 | Bailey   | HP: 3/70 [orc warrior (24)]
  8807 | Bailey   | Killed an orc knight
  8809 | Bailey   | Slain by an orc warrior

Illustrated notes

Levels and vault maps discovered:
D:1:      evilmike_arrival_hilbert_curve, layout_loops_cross
D:2:      layout_rooms, first_ration, uniq_terence
D:3:      layout_rooms, lemuel_crystal_altar, dancing_weapons_uskayaw,
          chequers_ecumenical_altar_simple
D:4:      layout_basic, led_sif_pool, lemuel_doored_altar, serial_glass,
          glass_columns_a, glass_columns_a, minmay_misc_feat_secret_circle
D:5:      layout_cave_pools, kennysheep_mini_moat,
          gammafunk_temple_overflow_claw, xom_confusion_cloud,
          minmay_temple_entry_sparse_star
D:6:      layout_cave_pools, nicolae_tso_besieged_by_evil
D:7:      layout_loops_cross, fedhas_altar_2, nicolae_overflow_crystal_walls,
          grunt_livestock, uniq_maggie
D:8:      layout_basic, nicolae_overflow_hidden_temple, lemuel_round_altar,
          elyvilon_altar_1, nicolae_dithmenos_through_a_glass_darkly
D:9:      dragon1_lemuel, layout_long_grid,
          nicolae_gozag_cash_rules_everything_around_me
D:10:     layout_basic, lair_entry_dummy, david_orc_2, enter_bailey_2
Temple:   corrupted_temple
Bailey:   bailey_polearm_4, bailey

Skill      XL: |  1  2  3  4  5  6  7  8  9 10 11 |
---------------+----------------------------------+-----
Dodging        | 3 4 5 6 |  6.5
Stealth        | 1 2 3 |  3.7
Long Blades    | 3 4 6 7 9 10 | 10.8
Translocations | 1 2 3 |  3.3
Ice Magic      | 1 2 3 4 5 |  5.2
Invocations    | 1 2 3 |  3.8
Spellcasting   | 3 4 |  4.2
Fighting       | 3 4 |  4.6
Summonings     | 1 2 3 |  3.7
Air Magic      | 1 3 |  3.7
Short Blades   | 1 |  1.2
Shields        | 1 2 |  2.0
Charms         | |  3.9
Evocations     | |  0.3

Action                   |  1- 3 |  4- 6 |  7- 9 | 10-12 || total
-------------------------+-------+-------+-------+-------++-------
Melee: Falchion          |    74 |   148 |    10 |       ||   232
       Constrict         |    25 |    48 |    42 |    68 ||   183
       Tentacles         |    12 |    29 |    41 |    58 ||   140
       Dagger            |       |     5 |       |       ||     5
       Rapier            |       |     6 |     5 |    10 ||    21
       Scimitar          |       |       |   111 |       ||   111
       Long sword        |       |       |    87 |   271 ||   358
Throw: Dart              |       |       |     8 |    33 ||    41
       Boomerang         |       |       |    10 |       ||    10
 Cast: Shroud of Golubri |     6 |    10 |    17 |    21 ||    54
       Song of Slaying   |     2 |     5 |     5 |     9 ||    21
       Ozocubu's Armour  |       |     1 |    10 |    17 ||    28
       Summon Lightning  |       |       |       |     1 ||     1
Invok: Bend Space        |       |       |       |     2 ||     2
Evoke: Wand              |       |       |       |     4 ||     4
  Use: Scroll            |       |       |     9 |    11 ||    20
       Potion            |       |       |     5 |    10 ||    15
 Stab: Sleeping          |     6 |     5 |     9 |     6 ||    26
       Distracted        |       |       |       |     1 ||     1
  Eat: Chunk             |     1 |     8 |    11 |     5 ||    25
       Ration            |       |       |       |     2 ||     2
Armor: Skin              |    12 |    22 |    20 |    70 ||   124
Dodge: Dodged            |    63 |   119 |   138 |   190 ||   510
Block: Buckler           |       |       |       |    26 ||    26
       Rpst.: Falchion   |    19 |    35 |     2 |       ||    56
       Scimitar          |       |       |    26 |       ||    26
       Long sword        |       |       |     8 |    42 ||    50
